 Dungeon Crawl Stone Soup version 0.24-a0-525-g9231cdcba1 (webtiles) character file.

Game seed: 13497661148273990326

14854 BinkBink the Basher (level 11, 0/103 HPs)
             Began as a Deep Dwarf Berserker on Aug 2, 2019.
             Was an Elder of Trog.
             Slain by a death knight
             ... wielding a +0 glaive
              (15 damage)
             ... on level 11 of the Dungeon.
             The game lasted 00:26:18 (8821 turns).

BinkBink the Basher (Deep Dwarf Berserker)          Turns: 8821, Time: 00:26:18

Health: 0/103      AC: 18    Str: 40    XL:     11   Next: 94%
Magic:  10/10      EV: 11    Int: 12    God:    Trog [****..]
Gold:   474        SH:  0    Dex: 12    Spells: 10/10 levels left

rFire    . . .     SeeInvis .   V - +0 war axe of Tiuvom {freeze, Str+5 Int+4}
rCold    . . .     Gourm    .   (no shield)
rNeg     . . .     Faith    .   b - +0 plate armour
rPois    .         Spirit   .   A - +0 hat
rElec    .         Reflect  .   d - +0 cloak
rCorr    .         Harm     .   F - +0 pair of gloves
MR       +....                  (no boots)
Stlth    ..........             y - amulet of the acrobat
HPRegen  0.00/turn              C - +6 ring of strength
MPRegen  0.12/turn              I - +5 ring of strength

@: marked, non-regenerating, hasted, very quick
A: damage resistance, heal wounds, sense surroundings 2, no regeneration
a: Heal Wounds, Berserk, Trog's Hand, Brothers in Arms, Renounce Religion


You were on level 11 of the Dungeon.
You worshipped Trog.
Trog was greatly pleased with you.
You were very hungry.

You visited 1 branch of the dungeon, and saw 11 of its levels.
You also visited: Sewer.

You collected 474 gold pieces.

Inventory:

Hand Weapons
 E - a +2 flail
 J - a +4 lajatang of protection
 M - the +7 Spriggan's Knife {stab, EV+4 Stlth+}
   (You found it on level 7 of the Dungeon)

   It affects your evasion (+4).
   It makes you more stealthy.
 U - a +3 dire flail
 V - the +0 war axe of Tiuvom (weapon) {freeze, Str+5 Int+4}
   (You found it on level 11 of the Dungeon)

   It has been specially enchanted to freeze those struck by it, causing extra
   injury to most foes and up to half again as much damage against particularly
   susceptible opponents.
   It can also slow down cold-blooded creatures.
   It affects your strength (+5).
   It affects your intelligence (+4).
Armour
 b - a +0 plate armour (worn)
 d - a +0 cloak (worn)
 A - a +0 hat (worn)
 F - a +0 pair of gloves (worn)
 K - a +0 troll leather armour
Jewellery
 a - an uncursed ring of protection from cold {unknown}
 t - an uncursed ring of positive energy
 y - an amulet of the acrobat (around neck)
 B - an uncursed ring of fire
 C - a +6 ring of strength (left hand)
 I - a +5 ring of strength (right hand)
 L - an uncursed ring of magical power {unknown}
 R - an uncursed ring of magical power {unknown}
Wands
 f - a wand of polymorph (12)
 H - a wand of paralysis (8)
 T - a wand of random effects (19)
Scrolls
 e - 8 scrolls of teleportation
 j - a scroll of enchant armour
 m - 6 scrolls of remove curse
 o - 2 scrolls of random uselessness {unknown}
 u - 3 scrolls of blinking
 v - 2 scrolls of magic mapping {unknown}
 z - a scroll of amnesia {unknown}
 G - 3 scrolls of enchant weapon {unknown}
 N - a scroll of immolation {unknown}
 O - 2 scrolls of fog {unknown}
 P - a scroll of noise {unknown}
 Q - 3 scrolls of fear {unknown}
 S - 2 scrolls of torment {unknown}
Potions
 g - 5 potions of mutation
 i - 2 potions of cancellation
 l - 2 potions of agility
 n - a potion of invisibility
 p - 2 potions of heal wounds
 q - 6 potions of haste
 r - 2 potions of berserk rage
 s - 6 potions of flight
 w - 2 potions of curing
 x - a potion of might
 D - 2 potions of lignification
Comestibles
 c - 11 rations


   Skills:
 + Level 8.1 Fighting
 + Level 2.1(9.7) Axes
 + Level 13.2(13.3) Maces & Flails
 + Level 11.3 Armour
 + Level 5.6 Dodging
 + Level 2.2 Stealth


You had 10 spell levels left.
You didn't know any spells.
Your spell library contained the following spells:

 Spells                   Type           Power        Failure   Level  Hunger
 Magic Dart               Conj           #...         80%         1    ##.....
 Shock                    Conj/Air       #...         80%         1    ##.....
 Sting                    Conj/Pois      #...         80%         1    ##.....
 Poisonous Vapours        Pois/Air       #.....       91%         2    ###....
 Searing Ray              Conj           #.....       91%         2    ###....
 Swiftness                Chrm/Air       #.......     91%         2    ###....
 Dazzling Spray           Conj/Hex       #.....       99%         3    ####...
 Mephitic Cloud           Conj/Pois/Air  #.......     99%         3    ####...
 Static Discharge         Conj/Air       #.......     99%         3    ####...
 Stone Arrow              Conj/Erth      #.....       99%         3    ####...
 Airstrike                Air            #.........   100%        4    #####..
 Force Lance              Conj/Tloc      #.......     100%        4    #####..
 Fulminant Prism          Conj/Hex       #.........   100%        4    #####..
 Iskenderun's Mystic Bla  Conj           #.......     100%        4    #####..
 Olgreb's Toxic Radiance  Pois           #.......     100%        4    #####..
 Borgnjor's Vile Clutch   Necr/Erth      #.........   100%        5    ######.
 Lee's Rapid Deconstruct  Erth           #.........   100%        5    ######.
 Lightning Bolt           Conj/Air       #.........   100%        5    ######.
 Venom Bolt               Conj/Pois      #.........   100%        5    ######.


Dungeon Overview and Level Annotations

Branches:
Dungeon (11/15)            Temple (0/1) D:7            Lair (0/6) D:9
    Orc: D:9-12

Altars:
Ashenzari
Elyvilon
Fedhas
Gozag
Makhleb
Nemelex Xobeh
Okawaru
Qazlal
Ru
Sif Muna
Vehumet
Xom
Zin

Shops:
D:6 [   D:7 :   D:8 :   D:9 ***

Annotations:
D:11 Harold


Innate Abilities, Weirdness & Mutations

You are resistant to damage.
You can heal yourself by infusing magical energy.
You passively map the area around you.
You do not regenerate.


Message History

The death knight offers itself to Yredelemnul, and fills with unholy energy.
Harold the Weathered comes into view.
He is wielding a +0 battleaxe and wearing a +2 chain mail of cold resistance.
Harold throws a throwing net.
The throwing net closely misses you.
You see here a throwing net.
Harold throws a throwing net.
The throwing net hits you.
You become entangled in the net!
You see here a throwing net.
You struggle against the net.
You struggle against the net.
The death knight hits you from afar with a +0 glaive!
* * * LOW HITPOINT WARNING * * *
Harold casts a spell at you. A sentinel's mark forms upon you.
You struggle against the net.
Harold hits you with a +0 battleaxe.
The death knight hits you but does no damage.
You shred the net and break free!
You feel yourself speed up. Harold hits you but does no damage.
The death knight hits you from afar with a +0 glaive!!
You die...

#.#......Wyz# #.......##### *,*
####.#### ** #.#######z# ###* * ,
#.......z.# #.. , . ** *
######yW.# #.# ,* .. , , #p###
#.#* .. Y#Y. #(# #.# .. . Y..
##@## #)# ..#.# #.#.. #.@.#
#)##..#.## *#.#..##
#...#####))....... ,...Y..#
#...##..........## #.#...#
#####...##.###.#.....##
..#.#...###...........##....^...#
......................)..........
#.##.#..##..........(.#.........#
#.##.#..##.####...##............#


You could see a death knight, Harold, 2 skeletal warriors, a freezing wraith and
a hornet.

Vanquished Creatures
  3 two-headed ogres
  A manticore (D:7)
  An ugly thing (D:10)
  A kobold demonologist (D:7)
  A freezing wraith (D:11)
  A merfolk (D:10)
  2 trolls
  2 hippogriffs
  A wraith (D:10)
  2 wyverns (D:11)
  12 yaks
  5 hungry ghosts
  A vampire mosquito (D:7)
  3 porcupines (D:9)
  2 orc warriors
  2 black bears
  Purgy (Sewer)
  5 ice beasts
  3 sky beasts (D:7)
  4 necrophages
  7 ogres
  3 phantoms
  An eye of draining (D:10)
  5 centaurs
  A crocodile (D:9)
  2 big kobolds (D:9)
  12 bullfrogs
  A water moccasin skeleton (D:9)
  6 killer bees
  3 scorpions
  A howler monkey (D:4)
  21 wights
  2 bullfrog zombies
  2 centaur zombies
  6 crimson imps
  2 jellies (D:5)
  A quasit (D:10)
  5 orc priests
  3 bullfrog skeletons
  A centaur skeleton (D:9)
  10 hounds
  15 orc wizards
  4 iguanas
  10 worker ants
  2 hound skeletons
  13 adders
  3 gnolls (D:4)
  3 shadow imps
  An adder zombie (D:5)
  An adder skeleton (D:5)
  3 worms
  4 dart slugs
  12 leopard geckos
  32 orcs
  10 bats
  12 giant cockroaches
  7 goblins
  5 hobgoblins
  8 jackals
  13 kobolds
  3 quokkas
  5 ball pythons
  7 frilled lizards
  A giant cockroach zombie (D:5)
  2 leopard gecko skeletons
  A quokka skeleton (D:8)
  A quokka zombie (D:5)
  9 rats
  2 fungi (D:9)
  3 plants (D:9)
340 creatures vanquished.

Vanquished Creatures (others)
  A bullfrog (D:9)
  5 fungi (D:9)
6 creatures vanquished.

Grand Total: 346 creatures vanquished

Notes
Turn   | Place    | Note
-------+----------+-------------------------------------------
     0 | D:1      | BinkBink the Deep Dwarf Berserker began the quest for the
                  | Orb.
     0 | D:1      | Reached XP level 1. HP: 20/20 MP: 1/1
   112 | D:1      | Reached XP level 2. HP: 28/28 MP: 2/2
   412 | D:1      | Reached ** piety under Trog
   521 | D:1      | You fall into a shaft and drop 1 floor!
   554 | D:2      | Reached XP level 3. HP: 7/34 MP: 3/3
   830 | D:2      | Found a radiant altar of Vehumet.
   830 | D:2      | Found a shattered altar of Ashenzari.
  1171 | D:3      | Reached skill level 4 in Maces & Flails
  1171 | D:3      | Reached XP level 4. HP: 29/42 MP: 4/4
  1272 | D:3      | Found a sacrificial altar of Ru.
  1350 | D:3      | Found a glowing drain.
  1376 | Sewer    | Entered a sewer
  1401 | Sewer    | Noticed Purgy
  1409 | Sewer    | Killed Purgy
  1409 | Sewer    | Reached XP level 5. HP: 22/49 MP: 5/5
  1705 | D:3      | Found a sparkling altar of Nemelex Xobeh.
  1782 | D:3      | Found a burning altar of Makhleb.
  2059 | D:4      | Reached XP level 6. HP: 45/56 MP: 6/6
  2085 | D:4      | Reached *** piety under Trog
  2085 | D:4      | Reached skill level 5 in Maces & Flails
  2359 | D:4      | Found a blossoming altar of Fedhas.
  2421 | D:4      | Reached skill level 6 in Maces & Flails
  2421 | D:4      | Reached XP level 7. HP: 24/63 MP: 7/7
  3176 | D:5      | Entered Level 5 of the Dungeon
  3470 | D:5      | Reached skill level 7 in Maces & Flails
  3611 | D:5      | Reached XP level 8. HP: 36/73 MP: 8/8
  3665 | D:5      | Reached skill level 5 in Armour
  4005 | D:5      | Found a stormy altar of Qazlal.
  4005 | D:5      | Found an iron altar of Okawaru.
  4005 | D:5      | Found a white marble altar of Elyvilon.
  4174 | D:5      | Found an opulent altar of Gozag.
  4491 | D:6      | Found a deep blue altar of Sif Muna.
  4544 | D:6      | Reached skill level 5 in Fighting
  4544 | D:6      | Reached skill level 8 in Maces & Flails
  4830 | D:6      | Found Qihatur's Armour Emporium.
  5188 | D:7      | Reached skill level 1 in Stealth
  5196 | D:7      | Reached skill level 5 in Dodging
  5202 | D:7      | Found a staircase to the Ecumenical Temple.
  5268 | D:7      | Gained mutation: You passively map the area around you.
                  | [Deep Dwarf growth]
  5268 | D:7      | Reached XP level 9. HP: 66/81 MP: 9/9
  5275 | D:7      | Received a gift from Trog
  5363 | D:7      | Reached skill level 9 in Maces & Flails
  5459 | D:7      | Noticed a troll
  5486 | D:7      | Killed a troll
  5730 | D:7      | Found the +7 Spriggan's Knife {stab, EV+4 Stlth+}
  5733 | D:7      | Noticed a manticore
  5733 | D:7      | Noticed a kobold demonologist
  5766 | D:7      | Killed a manticore
  5776 | D:7      | Noticed a hellwing
  5780 | D:7      | Noticed a hellwing
  5807 | D:7      | Killed a kobold demonologist
  5807 | D:7      | Reached skill level 10 in Maces & Flails
  5815 | D:7      | Reached XP level 10. HP: 66/91 MP: 10/10
  5843 | D:7      | Identified the Tome of Earthen Envenoming
  6042 | D:7      | Found Siorus's Book Emporium.
  6182 | D:8      | Reached **** piety under Trog
  6419 | D:8      | Found Idoinos's Book Shop.
  6760 | D:8      | Noticed a two-headed ogre
  6766 | D:8      | Killed a two-headed ogre
  6766 | D:8      | Reached skill level 11 in Maces & Flails
  6997 | D:9      | Found a staircase to the Lair.
  7022 | D:9      | Reached skill level 10 in Armour
  7188 | D:9      | Reached XP level 11. HP: 76/100 MP: 11/11
  7221 | D:9      | Found Etitaep's General Store.
  7282 | D:9      | Found Gipo's General Store.
  7306 | D:9      | Reached skill level 12 in Maces & Flails
  7323 | D:9      | Found a glowing silver altar of Zin.
  7323 | D:9      | Noticed an angel
  7324 | D:9      | Found a shimmering altar of Xom.
  7517 | D:9      | Found Gaissux's Assorted Antiques.
  7748 | D:10     | Entered Level 10 of the Dungeon
  7757 | D:10     | Noticed a two-headed ogre
  7773 | D:10     | Killed a two-headed ogre
  8045 | D:10     | Noticed a brown ugly thing
  8059 | D:10     | Killed a brown ugly thing
  8483 | D:11     | Noticed a two-headed ogre
  8490 | D:11     | Killed a two-headed ogre
  8531 | D:11     | Reached skill level 13 in Maces & Flails
  8622 | D:11     | Got an iridescent war axe
  8633 | D:11     | Reached ***** piety under Trog
  8652 | D:11     | Identified the +0 war axe of Tiuvom {freeze, Str+5 Int+4}
                  | (You found it on level 11 of the Dungeon)
  8709 | D:11     | Reached skill level 1 in Axes
  8789 | D:11     | Noticed a death knight
  8794 | D:11     | Noticed a skeletal warrior
  8796 | D:11     | Noticed a skeletal warrior
  8814 | D:11     | Noticed Harold
  8821 | D:11     | Slain by a death knight

Levels and vault maps discovered:
D:1:      evilmike_arrival_plus, layout_basic
D:2:      layout_rooms, amethyst_overflow_temple_binary
D:3:      layout_loops_ring, nicolae_ru_awakened_eye, makhleb_heckhound_becter,
          gup_sewer_entry_pipe, minmay_misc_feat_square,
          nemelex_diamond_rough_becter
D:4:      layout_layer_cave, fedhas_altar_3, first_ration
D:5:      minmay_bubble_buster, layout_basic, grunt_gozag_statues,
          chequers_temple_overflow_statue_of_worship, basic_altar
D:6:      layout_basic, led_sif_book, serial_shops, shop
D:7:      minmay_the_grid_octo_2x2 [minmay_the_grid_octo_77,
          minmay_the_grid_octo_teeth, minmay_the_grid_octo_clover,
          minmay_the_grid_octo_prize_star], layout_loops_ring,
          minmay_temple_entry_wispy, serial_shops, shop
D:8:      layout_loops_ring, serial_shops, nicolae_shop_stone
D:9:      layout_basic, grunt_temple_overflow_order_and_chaos_1,
          due_lair_maze_entry_diamond, serial_shops, nicolae_shop_statue_plus,
          nicolae_shop_overgrown_old_shop, kennysheep_mini,
          lemuel_flamethrower_1
D:10:     layout_roguey, hangedman_fish_farm, kennysheep_generic_room_11
D:11:     layout_loops_cross, kennysheep_orc_monster_closet_entryway,
          uniq_harold

Skill      XL: |  1  2  3  4  5  6  7  8  9 10 11 |
---------------+----------------------------------+-----
Fighting       | 3 4 5 6 7 8 |  8.1
Maces & Flails | 4 6 7 8 10 11 13 | 13.2
Armour         | 3 4 6 8 10 11 | 11.3
Dodging        | 3 4 5 |  5.6
Stealth        | 1 2 |  2.2
Axes           | 2 |  2.1

Action                   |  1- 3 |  4- 6 |  7- 9 | 10-12 || total
-------------------------+-------+-------+-------+-------++-------
Melee: Mace              |   175 |   192 |   177 |       ||   544
       Flail             |       |       |   359 |   581 ||   940
       War axe           |       |       |       |    58 ||    58
       Dire flail        |       |       |       |    32 ||    32
Invok: Berserk           |     1 |       |       |     1 ||     2
       Trog's Hand       |     1 |     4 |    14 |    13 ||    32
 Abil: Heal Wounds       |     1 |       |     2 |     6 ||     9
  Use: Scroll            |       |     3 |     1 |    13 ||    17
       Potion            |       |       |       |     1 ||     1
 Stab: Sleeping          |     1 |       |       |       ||     1
  Eat: Chunk             |     1 |     4 |     8 |     7 ||    20
       Ration            |     1 |       |     9 |     5 ||    15
Armor: Animal skin       |    12 |       |       |       ||    12
       Chain mail        |   118 |   144 |    96 |       ||   358
       Plate armour      |       |       |   238 |   319 ||   557
Dodge: Dodged            |   140 |   125 |   301 |   374 ||   940

Table legend:
 A = Non-vault XP
 B = Vault XP
 C = Vault XP percentage of total XP
 D = Non-vault monster count
 E = Vault monster count
 F = Vault count percentage of total count
                 A         B        C        D         E       F
            +---------+---------+-------+---------+---------+-------
      Total |   15952 |    5268 |  24.8 |     279 |      56 |  16.7
            +---------+---------+-------+---------+---------+-------
        D:1 |      36 |       0 |   0.0 |      20 |       0 |   0.0
        D:2 |      44 |       0 |   0.0 |      22 |       0 |   0.0
        D:3 |      29 |      56 |  65.9 |      14 |       7 |  33.3
        D:4 |     626 |       0 |   0.0 |      22 |       0 |   0.0
        D:5 |     428 |     224 |  34.4 |      22 |      10 |  31.2
        D:6 |     747 |       0 |   0.0 |      23 |       0 |   0.0
        D:7 |    1210 |    2451 |  66.9 |      23 |      18 |  43.9
        D:8 |    2808 |       0 |   0.0 |      23 |       0 |   0.0
        D:9 |    2226 |    1197 |  35.0 |      37 |      12 |  24.5
       D:10 |    3250 |    1202 |  27.0 |      39 |       2 |   4.9
       D:11 |    4548 |       0 |   0.0 |      34 |       0 |   0.0
      Sewer |       0 |     138 | 100.0 |       0 |       7 | 100.0
            +---------+---------+-------+---------+---------+-------
